 Dungeon Crawl Stone Soup version 0.19-a0-36-g4a0968a (webtiles) character file.

9 M4edhros the Grave Robber (level 2, 0/17 HPs)
             Began as an Octopode Necromancer on May 3, 2016.
             Slain by a jackal (3 damage)
             ... on level 2 of the Dungeon.
             The game lasted 00:00:54 (185 turns).

M4edhros the Grave Robber (Octopode Necromancer)     Turns: 185, Time: 00:00:54

Health: 0/17       AC:  1    Str:  7    XL:     2   Next: 12%
Magic:  2/5        EV: 12    Int: 17    God:
Gold:   55         SH:  0    Dex: 12    Spells: 1 memorised, 4 levels left

rFire  . . .     SeeInvis .       - Unarmed
rCold  . . .     Gourm    .     (no shield)
rNeg   . . .     Faith    .     (helmet restricted)
rPois  .         Spirit   .     (no amulet)
rElec  .         Dismiss  .     (no ring)
rCorr  .         Reflect  .     (no ring)
SustAt .         Harm     .     (no ring)
MR     .....                    (no ring)
Stlth  +++.......               (no ring)
                                (no ring)
                                (no ring)
                                (no ring)

@: not resistant to hostile enchantments, fairly stealthy
A: almost no armour, amphibious, 8 rings, constrict 8, camouflage 1, gelatinous
body 1
a: no special abilities


You were on level 2 of the Dungeon.
You were not hungry.

You visited 1 branch of the dungeon, and saw 2 of its levels.

You collected 55 gold pieces.

Inventory:

Scrolls
 c - a scroll of fog {unknown}
 d - a scroll of identify {unknown}
 e - a scroll of remove curse {unknown}
 g - a scroll of teleportation {unknown}
Books
 a - a book of Necromancy

   Spells                             Type                      Level
   a - Pain                           Necromancy                   1
   b - Animate Skeleton               Necromancy                   1
   c - Vampiric Draining              Necromancy                   3
   d - Regeneration                   Charms/Necromancy            3
   e - Animate Dead                   Necromancy                   4
   f - Control Undead                 Necromancy                   4
Comestibles
 b - a bread ration


   Skills:
 - Level 2.0 Dodging
 - Level 2.6 Stealth
 + Level 1.7 Unarmed Combat
 - Level 2.0 Spellcasting
 - Level 4.0 Necromancy


You had 4 spell levels left.
You knew the following spells:

 Your Spells              Type           Power        Failure   Level  Hunger
a - Pain                  Necr           ###.         3%          1    #......


Dungeon Overview and Level Annotations

Branches:
Dungeon (2/15)

Altars:


Innate Abilities, Weirdness & Mutations

You cannot wear most types of armour.
You are amphibious.
You can wear up to eight rings at the same time.
You can use your tentacles to constrict eight enemies at once.
Your skin changes colour to match your surroundings (Stealth).
Your rubbery body absorbs attacks (AC +1).


Message History

Unknown command.
Drink which item? (? for menu, Esc to quit)
It was a potion of curing.
You feel better.
You constrict the dart slug.
You constrict the jackal, but do no damage.
The jackal barely misses you. The jackal bites you. x2
The jackal closely misses you. The dart slug bites you. The jackal bites you.
* * * LOW HITPOINT WARNING * * *
You barely miss the jackal. Your grab misses the jackal.
The jackal is heavily wounded.
You constrict the dart slug.
You kill the dart slug!
You have reached level 2!
You constrict the jackal. The jackal barely misses you. The jackal bites you.
* * * LOW HITPOINT WARNING * * *
The jackal misses you.
Unknown command.
You release your grip on the jackal.
The jackal bites you but does no damage.
The jackal bites you.
You die...

....##.........#
#.......#.......##
..(...............
.....†..#.......#
................#
........g.......###
..................#
......hhh.........# ###
?...)..@##........#
#...
........##........##..#
........##...........#
..........#.###.##.<.#
.#...####.#.........##
...## #......#..#.# ..#
.........##.# ..
####......#..
#......###.


You could see 3 jackals and a goblin.

Vanquished Creatures
  A dart slug (D:2)
  A giant gecko (D:2)
  3 bats (D:1)
  2 rats (D:1)
7 creatures vanquished.

Notes
Turn   | Place    | Note
--------------------------------------------------------------
     0 | D:1      | M4edhros the Octopode Necromancer began the quest for the Orb.
     0 | D:1      | Reached XP level 1. HP: 11/11 MP: 3/3
   101 | D:1      | Reached skill level 1 in Unarmed Combat
   184 | D:2      | Reached XP level 2. HP: 5/17 MP: 1/5
   185 | D:2      | Slain by a jackal

Vault maps used:
D:1:      lemuel_arrival_behind_the_door_large
D:2:      nicolae_ru_path_of_blood

Skill      XL: |  1 |
---------------+----+-----
Unarmed Combat | 1 |  1.7
Dodging        | |  2.0
Stealth        | |  2.6
Spellcasting   | |  2.0
Necromancy     | |  4.0

Action                   || total
-------------------------++-------
Melee: Unarmed           ||     8
       Constrict         ||     2
       Punch             ||     1
       Tentacles         ||     1
 Cast: Pain              ||     7
  Use: Potion            ||     1
Armor: Skin              ||     2
Dodge: Dodged            ||    10
